 Dungeon Crawl Stone Soup version 0.24.0-123-gd5b16e6ec5 (webtiles) character file.

Game seed: 16870151878777945954, levelgen mode: deterministic

41 Notrik the Skirmisher (level 3, -19/35 HPs)
             Began as a Hill Orc Fighter on Feb 7, 2020.
             Demolished by a freezing wraith (23 damage)
             ... on level 1 of the Abyss.
             The game lasted 00:02:07 (478 turns).

Notrik the Skirmisher (Hill Orc Fighter)             Turns: 478, Time: 00:02:07

Health: -19/35     AC:  6    Str: 19    XL:     3   Next: 52%
Magic:  3/3        EV:  7    Int:  8    God:
Gold:   41         SH:  9    Dex: 10    Spells: 2/2 levels left

rFire    . . .     SeeInvis .   a - +0 war axe
rCold    . . .     Gourm    .   c - +0 shield
rNeg     . . .     Faith    .   b - +0 scale mail
rPois    .         Spirit   .   (no helmet)
rElec    .         Reflect  .   (no cloak)
rCorr    .         Harm     .   (no gloves)
MR       .....                  (no boots)
Stlth    ..........             (no amulet)
HPRegen  0.11/turn              (no ring)
MPRegen  0.08/turn              (no ring)

@: slowed, very slow
A: no striking features
a: no special abilities


You were on level 1 of the Abyss.
You were not hungry.

You visited 1 branch of the dungeon, and saw 2 of its levels.
You visited the Abyss 1 time.

You collected 41 gold pieces.

Inventory:

Hand Weapons
 a - a +0 war axe (weapon)
Armour
 b - a +0 scale mail (worn)
 c - a +0 shield (worn)
Jewellery
 g - an uncursed amulet of magic regeneration
   (You took it off a hobgoblin on level 2 of the Dungeon)
Wands
 d - a wand of iceblast (12)
   (You found it on level 2 of the Dungeon)
Scrolls
 h - a scroll of teleportation {unknown}
Potions
 i - a potion of might
Comestibles
 e - 3 rations {!d}


   Skills:
 * Level 4.9 Fighting
 - Level 2.6 Axes
 - Level 3.2 Armour
 + Level 3.9 Shields
 + Level 0.0 Evocations


You had 2 spell levels left.
You didn't know any spells.
Your spell library was empty.

Dungeon Overview and Level Annotations

Branches:
Dungeon (2/15)

Altars:

Annotations:
D:2 Sigmund


Message History

All of the chunks of flesh in your inventory have rotted away.
There is a stone staircase leading up, spattered with blood here.
You see here a +0 dagger.
Sigmund is too close now for your liking.
Sigmund is nearby!
Sigmund is nearby!
Sigmund is nearby!
Sigmund shouts!
Sigmund points at you and mumbles some strange words.
You are confused.
Sigmund points at you and mumbles some strange words.
The magic dart hits you.
You bump into the rock wall.
Sigmund says, "I'm your fate."
Sigmund hits you from afar with a +1 scythe of distortion.
You are cast into the Abyss!
To return, you must find a gate leading back.
Killing monsters will force the Abyss to allow you passage.
This branch contains the abyssal rune of Zot.
Reactivating autopickup.
You bump into the rock wall.
You're too confused to move!
You start resting.
You feel less confused.
You start waiting.
A freezing wraith comes into view.
Found a copper wand.
Found 18 arrows and a ration.
You see here a ration {!d}.
The freezing wraith completely misses you.
You block the freezing wraith's attack.
You see here a ration {!d}.
Your shield prevents you from hitting the freezing wraith.
The freezing wraith hits you but does no damage.
You block the freezing wraith's attack.
The freezing wraith hits you but does no damage.
The freezing wraith barely misses you.
You slash the freezing wraith! You block the freezing wraith's attack.
The freezing wraith hits you! The freezing wraith drains your vigour!
You feel yourself slow down.
You hit the freezing wraith. The freezing wraith hits you.
The freezing wraith freezes you!
* * * LOW HITPOINT WARNING * * *
The freezing wraith hits you.
* * * LOW HITPOINT WARNING * * *
The freezing wraith hits you.
* * * LOW HITPOINT WARNING * * *
The freezing wraith freezes you!!
Ouch! That really hurt!
You die...

.. #.### .###..##
##.###...###.. ... ###
.#....#...##...........
..##.#....#.... ..####
#.#.......#..#.......
#...#.#.....#... ##
#...#........#..#
#.#.....#####.#.
#.@W..(.....###..
#........##.#.#... #
#...###......#...#.#
#.#.#. .....#.. .#...
#..#. #..#####.##.. #.#
## .. . # #.# . . ##


You could see a freezing wraith.

Vanquished Creatures
  A gnoll (D:1)
  An adder (D:2)
  3 dart slugs
  2 bats (D:2)
  4 goblins
  2 hobgoblins
  A quokka (D:2)
  A frilled lizard (D:2)
  A kobold (D:2)
16 creatures vanquished.

Notes
Turn   | Place    | Note
-------+----------+-------------------------------------------
     0 | D:1      | Notrik the Hill Orc Fighter began the quest for the Orb.
     0 | D:1      | Reached XP level 1. HP: 19/19 MP: 1/1
    49 | D:1      | Reached skill level 4 in Fighting
    49 | D:1      | Reached XP level 2. HP: 27/27 MP: 2/2
    71 | D:1      | You fall into a shaft and drop 1 floor!
   137 | D:2      | Reached XP level 3. HP: 33/34 MP: 3/3
   229 | D:2      | Noticed Sigmund
   411 | D:2      | Cast into level 1 of the Abyss (Sigmund)
   454 | Abyss:1  | Noticed a freezing wraith
   478 | Abyss:1  | Demolished by a freezing wraith

Levels and vault maps discovered:
D:1:      tarquinn_simple_flora_water_e, layout_loops_cross
D:2:      layout_loops_ring, nicolae_overflow_hidden_temple, first_ration,
          uniq_sigmund
Abyss:1:  base: D:1, evilmike_abyss_exit_kraken

Skill      XL: |  1 |
---------------+----+-----
Fighting       | 4 |  4.9
Axes           | |  2.6
Armour         | |  3.2
Shields        | |  3.9

Action                   || total
-------------------------++-------
Melee: War axe           ||    50
 Stab: Sleeping          ||     1
Armor: Scale mail        ||    24
Dodge: Dodged            ||    15
Block: Shield            ||    25
